 Dungeon Crawl Stone Soup version 0.28-a0-563-gf77a47075d (webtiles) character file.

Game seed: 11596622151988706261

722 funkygono the Magician (level 8, -4/51 HPs)
             Began as a Djinni Fire Elementalist on Sept 30, 2021.
             Slain by a hornet (11 damage)
             ... on level 5 of the Dungeon.
             The game lasted 00:13:21 (6138 turns).

funkygono the Magician (Djinni Fire Elementalist)   Turns: 6138, Time: 00:13:22

Health: -4/51      AC:  5    Str:  7    XL:     8   Next: 2%
Gold:   131        EV: 16    Int: 19    God:
                   SH:  0    Dex: 14

rFire   + + +      SeeInvis .   c - +0 short sword
rCold   x . .      Faith    .   (no shield)
rNeg    . . .      Spirit   .   i - +1 leather armour
rPois   ∞          Reflect  .   (no helmet)
rElec   .          Harm     .   h - +0 cloak
rCorr   .          Rampage  .   (no gloves)
Will    .....                   (boots unavailable)
Stlth   ++........              (no amulet)
HPRegen 0.17/turn               j - ring of protection from fire
MPRegen 0.00/turn               u - +4 ring of evasion

@: flying
A: sickness immunity, fire resistance 2, cold vulnerability 1, float, innate
caster, hp casting, extra vitality 1
a: no special abilities


You were on level 5 of the Dungeon.
You visited 1 branch of the dungeon, and saw 5 of its levels.
You also visited: Sewer.

You collected 181 gold pieces.
You spent 50 gold pieces at shops.

Inventory:

Hand Weapons
 c - a +0 short sword (weapon)
Missiles
 e - 134 stones
Armour
 a - a +0 robe
 h - a +0 cloak (worn)
 i - a +1 leather armour (worn)
Jewellery
 j - a ring of protection from fire (left hand)
 u - a +4 ring of evasion (right hand)
Wands
 n - a wand of flame (20)
Scrolls
 o - a scroll of fog
 p - 2 scrolls of teleportation
Potions
 b - a potion of resistance {unknown}
 d - a potion of brilliance {unknown}
 f - a potion of haste
 g - 2 potions of flight
 k - 5 potions of mutation
 l - a potion of curing {unknown}
 m - a potion of heal wounds
 q - a potion of attraction {unknown}
 r - 2 potions of invisibility
 s - 2 potions of might
 v - a potion of experience {unknown}


   Skills:
 + Level 0.3 Fighting
 + Level 0.2 Short Blades
 + Level 2.4 Armour
 + Level 2.7 Dodging
 - Level 1.5 Stealth
 + Level 6.3 Spellcasting


You couldn't memorise any spells.
You knew the following spells:

 Your Spells              Type           Power      Damage    Failure   Level
a - Foxfire               Conj/Fire      100%       2x1d9     1%          1
b - Scorch                Fire           58%        2d8       1%          2
c - Conjure Flame         Conj/Fire      29%        6-21      3%          3
d - Inner Flame           Hex/Fire       29%        N/A       3%          3
e - Flame Wave            Conj/Fire      29%        3d7       12%         4
f - Sandblast             Erth           58%        2d13      1%          1
g - Slow                  Hex            29%        N/A       1%          2
h - Confusing Touch       Hex            29%        N/A       3%          3
Your spell library was empty.

Dungeon Overview and Level Annotations

Branches:
Dungeon (5/15)              Sewer (visited)
 Temple: D:4-7

Altars:
Dithmenos
Gozag
Nemelex Xobeh
Xom
The Shining One

Shops:
D:2 (!*?


Innate Abilities, Weirdness & Mutations

You are immune to sickness and miasma.
You are immune to poison.
Your flesh is very heat resistant. (rF++)
You are vulnerable to cold. (rC-)
You float through the air rather than walking.
You learn spells naturally, not from books.
Your magical power is your life essence.
You have superior vitality. (+4 HP)


Message History

An orc comes into view. It is wielding a +0 hand axe.
The hornet misses you.
Casting: Scorch (safe; 1% risk of failure)
Confirm with . or Enter, or press ? or * to list all spells.
You conjure some foxfire!
The hornet completely misses you.
The orc enters a dispersal trap!
Your foxfire blinks!
The hornet blinks!
Your foxfire blinks!
The hornet blinks!
The orc blinks!
You blink.
An orc wizard comes into view. It is wielding a +0 dagger.
The orc blinks!
An orc comes into view.
It is wielding a +1 short sword of draining.
The hornet is no longer more vulnerable to fire.
The orc wizard mumbles some strange words.
The orc wizard flickers and vanishes!
Deactivating autopickup; reactivate with Ctrl-A.
The orc barely misses you.
Casting: Foxfire (safe; 1% risk of failure)
Confirm with . or Enter, or press ? or * to list all spells.
You conjure some foxfire!
The orc hits you but does no damage.
Casting: Foxfire (safe; 1% risk of failure)
Confirm with . or Enter, or press ? or * to list all spells.
You conjure some foxfire!
A gnoll comes into view.
It is wielding a +0 whip and carrying a wand of iceblast (8).
The orc completely misses you.
The foxfire hits the orc.
The orc is moderately wounded.
The foxfire hits the orc.
The orc is almost dead.
The foxfire hits the hornet.
The hornet is almost dead.
The foxfire hits the hornet but does no damage.
The hornet is almost dead.
The orc hits you with a +0 club.
* * * LOW HITPOINT WARNING * * *
The hornet stings you!
* * * LOW HITPOINT WARNING * * *
The hornet stings you!
You die...

.............).........^.....#
###.#.#.##..#.##..#......o#..#
#.#.#.##..#.##..#.#.#.#.#..##.#
#.........#.##..#.#.#o#{.......
#.#§#.#...#.##....#.#.#.#..##.#
#.#.#§#...........#.#.#.#..#
#.#.......#.##.#..#.#.#{#..#
#.#...##..#.##.##.#........#
#.#...##..#.##@##...#.#.#......
#.#...##..#.##y##...#.#.#..##.#
#.#...##..#.##.##o.........#
#...##..#.##go.o..........
##.......g............#.###
.......#.#######.#...... #.##
#.###.###. #.. .# #.# #


You could see a hornet, a gnoll and an orc.

Vanquished Creatures
  A sky beast (D:5)
  An ogre (D:5)
  A phantom (D:5)
  2 bullfrogs (Sewer)
  An iguana (D:4)
  10 adders
  5 river rats (Sewer)
  A white imp (D:5)
  A worm (D:2)
  2 dart slugs
  16 orcs
  9 endoplasms
  9 giant cockroaches
  8 goblins
  9 hobgoblins
  6 jackals (D:2)
  5 kobolds
  16 quokkas
  20 ball pythons
  3 bats
  5 frilled lizards
  24 rats
155 creatures vanquished.

Vanquished Creatures (others)
  367 foxfires
367 creatures vanquished.

Grand Total: 522 creatures vanquished

Notes
Turn   | Place    | Note
-------+----------+-------------------------------------------
     0 | D:1      | funkygono the Djinni Fire Elementalist began the quest for
                  | the Orb.
     0 | D:1      | Reached XP level 1. HP: 15/15 MP: 0/0
   230 | D:1      | Reached XP level 2. HP: 3/21 MP: 0/0
   892 | D:1      | Reached skill level 3 in Spellcasting
  1041 | D:1      | Reached XP level 3. HP: 21/25 MP: 0/0
  1041 | D:1      | Learned a level 1 spell: Sandblast
  1939 | D:2      | Reached XP level 4. HP: 19/31 MP: 0/0
  2145 | D:2      | Found Qoefo's Antique Weapon Emporium.
  2369 | D:2      | Found Lyotsec's Magic Scroll Shop.
  2865 | D:2      | Found Buoz's Distillery.
  2894 | D:2      | Bought a potion of heal wounds for 50 gold pieces
  2987 | D:2      | Found Yjodghust's General Store.
  3127 | D:2      | Reached XP level 5. HP: 32/35 MP: 0/0
  3127 | D:2      | Learned a level 2 spell: Slow
  3160 | D:2      | Reached skill level 4 in Spellcasting
  3425 | D:3      | Found a glowing drain.
  3496 | Sewer    | Entered a sewer
  3844 | Sewer    | Reached XP level 6. HP: 36/40 MP: 0/0
  3903 | Sewer    | Reached skill level 1 in Armour
  4031 | Sewer    | Reached skill level 5 in Spellcasting
  4211 | D:3      | Reached XP level 7. HP: 43/45 MP: 0/0
  4211 | D:3      | Learned a level 3 spell: Confusing Touch
  4650 | D:4      | Found a sparkling altar of Nemelex Xobeh.
  4653 | D:4      | Found a glowing golden altar of the Shining One.
  4656 | D:4      | Found a shimmering altar of Xom.
  4659 | D:4      | Found a shadowy altar of Dithmenos.
  4804 | D:4      | Found an opulent altar of Gozag.
  5868 | D:5      | Entered Level 5 of the Dungeon
  6037 | D:5      | Reached skill level 6 in Spellcasting
  6046 | D:5      | Reached XP level 8. HP: 45/51 MP: 0/0
  6106 | D:5      | Noticed a hornet
  6138 | D:5      | Slain by a hornet

Illustrated notes

Levels and vault maps discovered:
D:1:      sevenhm_arrival_forest_fort_small_5, layout_loops_corners
D:2:      layout_basic, serial_shops, shop, nicolae_lakefront_shop, shop,
          nicolae_shop_temple_entry_statues_fountains
D:3:      layout_rooms, gup_sewer_entry_pipe
D:4:      layout_basic, grunt_temple_overflow_cloverleaf,
          overflow_temple_1_default
D:5:      layout_basic, nicolae_overflow_hidden_temple, uniq_grinder

Skill      XL: |  1  2  3  4  5  6  7 |
---------------+----------------------+-----
Spellcasting   | 3 4 5 6 |  6.3
Armour         | 1 2 |  2.4
Fighting       | |  0.3
Short Blades   | |  0.2
Dodging        | |  2.7
Stealth        | |  1.5

Action                   |  1- 3 |  4- 6 |  7- 9 || total
-------------------------+-------+-------+-------++-------
Melee: Short sword       |       |     1 |     6 ||     7
 Cast: Foxfire           |    45 |   110 |    67 ||   222
       Scorch            |     5 |     6 |     9 ||    20
       Sandblast         |     6 |    13 |     7 ||    26
       Slow              |       |     1 |       ||     1
  Use: Scroll            |       |     6 |     9 ||    15
Armor: Leather armour    |       |     3 |     2 ||     5
Dodge: Dodged            |     8 |    14 |    19 ||    41

Table legend: (Time is in decaauts)
 A = Elapsed time spent in this place.
 B = Non-inter-level travel time spent in this place.
 C = Inter-level travel time spent in this place.
 D = Time resting spent in this place.
 E = Time spent auto-exploring this place.
 F = Levels seen in this place.
 G = Mean time per level.
                   A        B        C        D        E       F      G
               +--------+--------+--------+--------+--------+-----+--------+
         Total |   6136 |   5997 |    139 |    463 |   4765 |   6 | 1022.7 |
       Dungeon |   5474 |   5335 |    139 |    372 |   4302 |   5 | 1094.8 |
         Sewer |    661 |    661 |      0 |     91 |    463 |   1 |  661.0 |
               +--------+--------+--------+--------+--------+-----+--------+

Top non-repeatable levels by time:
     D:1: 1722 daAuts
     D:2: 1567 daAuts
     D:4: 1245 daAuts
     D:3: 669 daAuts
   Sewer: 661 daAuts
     D:5: 270 daAuts
